 Dungeon Crawl Stone Soup version 0.20.1-1-g8b1a95d (webtiles) character file.

37 TheGuigne the Slasher (level 3, 0/29 HPs)
             Began as a Demonspawn Abyssal Knight on Aug 11, 2017.
             Was a Follower of Lugonu.
             Succumbed to an adder's poison
             ... on level 2 of the Dungeon.
             The game lasted 00:02:21 (933 turns).

TheGuigne the Slasher (Demonspawn Abyssal Knight)    Turns: 933, Time: 00:02:22

Health: 0/29       AC:  8    Str: 13    XL:     3   Next: 23%
Magic:  4/4        EV:  6    Int: 13    God:    Lugonu [*.....]
Gold:   63         SH:  0    Dex: 12    Spells: 2/2 levels left

rFire    + . .     SeeInvis .   a - +1 falchion
rCold    . . .     Gourm    .   (no shield)
rNeg     . . .     Faith    .   o - +0 chain mail {rF+}
rPois    +         Spirit   .   (no helmet)
rElec    .         Reflect  .   (no cloak)
rCorr    .         Harm     .   (no gloves)
MR       .....                  (no boots)
Stlth    ..........             (no amulet)
Regen    0.0/turn               (no ring)
MPRegen  0.1/turn               (no ring)

@: lethally poisoned (0 -> -1), flying, very slightly contaminated, invisible
A: talons 1, low mp 1, poison resistance, inhibited regeneration
a: Depart the Abyss, Renounce Religion


You were on level 2 of the Dungeon.
You worshipped Lugonu.
Lugonu was aware of your devotion.
You were not hungry.

You visited 1 branch of the dungeon, and saw 2 of its levels.
You visited the Abyss 1 time.

You collected 63 gold pieces.

Inventory:

Hand Weapons
 a - a +1 falchion (weapon)
Armour
 b - a +0 leather armour
 o - a +0 chain mail of fire resistance (worn)
Scrolls
 d - a scroll of enchant armour {unknown}
 f - 3 scrolls of identify {unknown}
 g - a scroll of remove curse {unknown}
 i - a scroll of blinking {unknown}
 n - a scroll of teleportation {unknown}
 r - a scroll of fog {unknown}
Potions
 k - a potion of flight
 p - a potion of curing {unknown}
 s - a potion of haste {unknown}
Comestibles
 c - 2 bread rations
 j - a royal jelly
 l - a meat ration
 q - a chunk of flesh


   Skills:
 - Level 3.0 Fighting
 + Level 3.3 Long Blades
 - Level 1.7 Armour
 - Level 0.8 Dodging
 - Level 2.4 Invocations


You had 2 spell levels left.
You didn't know any spells.

Dungeon Overview and Level Annotations

Branches:
Dungeon (2/15)

Altars:


Innate Abilities, Weirdness & Mutations

You have sharp toenails.
Your magical capacity is low. (-10% MP)
Your system is resistant to poisons. (rPois)
You do not regenerate when monsters are visible.


Message History

* * * LOW HITPOINT WARNING * * *
The adder bites you.
* * * LOW HITPOINT WARNING * * *
It was a potion of flight.
You feel very buoyant.
You fly up into the air.
The goblin shoots a stone.
The stone hits you but does no damage. The adder completely misses you.
It was a potion of invisibility.
You fade into invisibility!
The adder bites you but does no damage.
The goblin shoots a stone.
The stone hits you but does no damage. The adder bites you.
* * * LOW HITPOINT WARNING * * *
You are very lightly contaminated with residual magic.
It was a potion of mutation.
You feel extremely strange.
Your regeneration stops near monsters.
You feel less energetic.
You feel resistant to poisons.
The goblin shoots a stone.
The stone barely misses you. The adder bites you.
* * * LOW HITPOINT WARNING * * *
It was a potion of magic.
Magic courses through your body.
You die...

..#######.##
...........# #....#
..######.#.#. #....# .##
#.#.#. #....# .#
#.#.#.###....# )#
#.#.#....(...# .#
#.#.#....(...# ##
#.#.#...†.S..#.#
########.#.#....@.....#
.........#.####.......#
##########....(.........
######..#####.. ..g# "
.....! ....#?# .....###
......


You could see an adder and a goblin.

Vanquished Creatures
  An adder (D:2)
  2 oozes (D:1)
  A dart slug (D:2)
  A leopard gecko (D:1)
  A giant cockroach (D:1)
  4 hobgoblins (D:1)
  2 bats
  2 frilled lizards
  A kobold (D:2)
  4 rats
19 creatures vanquished.

Notes
Turn   | Place    | Note
-------+----------+-------------------------------------------
     0 | Abyss:1  | TheGuigne the Demonspawn Abyssal Knight began the quest for the Orb.
     0 | Abyss:1  | Reached XP level 1. HP: 18/18 MP: 2/2
     0 | D:1      | Escaped the Abyss
   252 | D:1      | Reached * piety under Lugonu
   561 | D:1      | Gained mutation: You have sharp toenails. [demonic ancestry]
   561 | D:1      | Reached XP level 2. HP: 20/24 MP: 3/3
   927 | D:2      | Reached XP level 3. HP: 9/29 MP: 4/4
   932 | D:2      | Gained mutation: You do not regenerate when monsters are visible. [potion of mutation]
   932 | D:2      | Gained mutation: Your magical capacity is low. (-10% MP) [potion of mutation]
   932 | D:2      | Gained mutation: Your system is resistant to poisons. (rPois) [potion of mutation]
   932 | D:2      | HP: 1/29 [adder (3)]
   933 | D:2      | Succumbed to an adder's poison

Skill      XL: |  1  2 |
---------------+-------+-----
Long Blades    | 2 3 |  3.3
Fighting       | |  3.0
Armour         | |  1.7
Dodging        | |  0.8
Invocations    | |  2.4

Action                   || total
-------------------------++-------
Melee: Falchion          ||    51
       Kick              ||     6
Invok: Depart the Abyss  ||     1
  Use: Potion            ||     4
Armor: Leather armour    ||     4
       Chain mail        ||    43
Dodge: Dodged            ||    21
       Rpst.: Falchion   ||    10
